 Dungeon Crawl Stone Soup version 0.32-a0-172-gc5dd13f2a7 (webtiles) character file.

Game seed: 15232929083095250812

55 IdlyInterested the Ruffian (level 3, -4/25 HPs)
             Began as an Octopode Gladiator on Feb 12, 2024.
             Killed from afar by Terence (11 damage)
             ... with a puff of flame
             ... on level 2 of the Dungeon.
             The game lasted 00:02:58 (1032 turns).

IdlyInterested the Ruffian (Octopode Gladiator)     Turns: 1032, Time: 00:02:59

Health: -4/25      AC:  1    Str: 15    XL:     3   Next: 93%
Magic:  3/3        EV: 13    Int: 10    God:
Gold:   55         SH:  0    Dex: 13    Spells: 2/2 levels left

rFire   . . .        e - +4 dagger (venom)
rCold   . . .        (no shield)
rNeg    . . .        a - +0 hat
rPois   .            (no amulet)
rElec   .            (no ring)
rCorr   .            (no ring)
SInv    .            (no ring)
Will    .....        (no ring)
Stlth   ++           (no ring)
HPRegen 0.24/turn    (no ring)
MPRegen 0.08/turn    (no ring)
                     (no ring)

%: no passive effects
@: no status effects
A: almost no armour, amphibious, 8 rings, camouflage 1, gelatinous body 1,
(nimble swimmer 1), tentacles
a: no special abilities


You were on level 2 of the Dungeon.
You visited 1 branch of the dungeon, and saw 2 of its levels.

You collected 55 gold pieces.

Inventory:

Hand Weapons
 e - a +4 dagger of venom (weapon)
 f - a +0 dagger
 k - a +0 dagger of flaming
 n - a +5 mace of holy wrath
Missiles
 b - 3 throwing nets
 c - a javelin
 d - 24 stones (quivered)
Armour
 a - a +0 hat (worn)
Scrolls
 j - a scroll of identify
Potions
 g - a potion of cancellation
 h - a potion of haste {unknown}
 i - a potion of degeneration {unknown}
 l - a potion of mutation {unknown}
 m - 2 potions of brilliance {unknown}
 o - a potion of heal wounds
 p - 2 potions of curing {unknown}


   Skills:
 + Level 2.8 Fighting
 - Level 2.0 Throwing
 - Level 3.0 Dodging
 * Level 4.2 Unarmed Combat


You had 2 spell levels left.
You didn't know any spells.
Your spell library was empty.

Dungeon Overview and Level Annotations

Branches:
Dungeon (2/15)

Altars:

Annotations:
D:2 Terence


Innate Abilities, Weirdness & Mutations

You cannot wear most types of armour.
You are amphibious.
You can wear up to eight rings at the same time.
Your skin changes colour to match your surroundings (Stealth+).
Your rubbery body absorbs attacks. (AC +1, EV +1)
((You are camouflaged when in or above water. (Stealth+)))
You have tentacles for arms and can constrict up to eight enemies at once.


Message History

Things that are here:
a +0 club; a +0 sling You see here a +4 dagger of venom.
You bludgeon the bat!
You kill the bat!
Things that are here:
a +0 club; a +0 sling
Things that are here:
a +0 dagger; a +0 sling You start resting.
HP restored.
Things that are here:
a +0 dagger; a +0 sling
Things that are here:
a +0 club; a +0 sling You see here a +4 dagger of venom.
e - a +4 dagger of venom
Items here: )))))) [[ †††.
k - a +0 dagger of flaming;
n - a +5 mace of holy wrath
Things that are here:
a +0 dagger; a goblin corpse
Items here: )))) [[ †††.
Things that are here:
a +0 dagger; a +0 club; a bat corpse
o - a potion of heal wounds
Things that are here:
a +0 dagger; a goblin corpse
Found 16 gold pieces.
p - 2 bubbling amethyst potions
Found a stone staircase leading up.
Terence the Incautious comes into view.
He is wielding a +0 hand axe, wearing a +0 ring mail of cold resistance and carrying a wand of flame.
Your +4 dagger of venom begins to drip with poison!
e - a +4 dagger of venom (weapon)
Terence shouts!
Terence zaps a wand.
The puff of flame hits you!
Terence zaps a wand.
The puff of flame hits you!
* * * LOW HITPOINT WARNING * * *
Terence zaps a wand.
The puff of flame hits you!
You die...
Terence says, "That felt goooood."

#.# #.# # .#######[#
#.##### .........##
#.....# ..........#
#####.#
##..####.)########..
#..# #............
#..# #..########..
#.@# #.)########.#
#.@# #..[.).......
#..# #.)########.#
#..####...)........
#.$..##.....####...
#.##.............#.
#.##.##.....####..
<...........#
.####.##.###..... .
#.##.# ##...


You could see Terence.

Vanquished Creatures
  Robin (D:2)
  A dart slug (D:1)
  A ball python (D:1)
  6 endoplasms
  2 giant cockroaches (D:1)
  12 goblins
  5 hobgoblins
  2 bats
  5 frilled lizards
  A kobold (D:2)
  2 rats (D:1)
38 creatures vanquished.

Notes
Turn   | Place    | Note
-------+----------+-------------------------------------------
     0 | D:1      | IdlyInterested the Octopode Gladiator began the quest for
                  | the Orb.
     0 | D:1      | Reached XP level 1. HP: 14/14 MP: 1/1
   267 | D:1      | Reached XP level 2. HP: 19/19 MP: 2/2
   651 | D:1      | Reached XP level 3. HP: 25/25 MP: 3/3
   880 | D:2      | Reached skill level 4 in Unarmed Combat
   883 | D:2      | Noticed Robin
   896 | D:2      | Killed Robin
  1028 | D:2      | Noticed Terence
  1032 | D:2      | Killed from afar by Terence

Illustrated notes

Levels and vault maps discovered:
D:1:      tarquinn_simple_flora_water_c, layout_loops_cross
D:2:      layout_loops_ring, uniq_terence, uniq_robin

Skill      XL: |  1  2  3 |
---------------+----------+-----
Unarmed Combat | 4 |  4.2
Fighting       | |  2.8
Throwing       | |  2.0
Dodging        | |  3.0

Action                     || total
---------------------------++-------
  Melee: Unarmed           ||    70
         Tentacles         ||    11
         Constrict         ||    12
    Use: Potion            ||     4
         Scroll            ||     1
   Stab: Sleeping          ||     5
 Armour: Skin              ||    34
  Dodge: Dodged            ||    39

Table legend: (Time is in decaauts)
 A = Elapsed time spent in this place.
 B = Non-inter-level travel time spent in this place.
 C = Inter-level travel time spent in this place.
 D = Time resting spent in this place.
 E = Time spent auto-exploring this place.
 F = Levels seen in this place.
 G = Mean time per level.
                   A        B        C        D        E       F      G
               +--------+--------+--------+--------+--------+-----+--------+
         Total |   1033 |    992 |     41 |    104 |    620 |   2 |  516.5 |
       Dungeon |   1033 |    992 |     41 |    104 |    620 |   2 |  516.5 |
               +--------+--------+--------+--------+--------+-----+--------+

Top non-repeatable levels by time:
     D:1: 776 daAuts
     D:2: 256 daAuts
